 Dungeon Crawl Stone Soup version 0.17-a0-802-g1f09329 (webtiles) character file.

84 namelastname112 the Twirler (level 4, -4/38 HPs)
             Began as a Draconian Gladiator on Apr 26, 2015.
             Slain by Grinder (5 damage)
             ... on level 3 of the Dungeon.
             The game lasted 00:02:42 (1770 turns).

namelastname112 the Twirler (Draconian Gladiator)   Turns: 1770, Time: 00:02:44

Health: -4/38      AC:  7    Str: 14 (17) XL:     4   Next: 23%
Magic:  4/4        EV: 13    Int:  8      God:
Gold:   105        SH:  0    Dex: 13      Spells: 0 memorised, 3 levels left

rFire  . . .     SeeInvis .     a - +0 quarterstaff
rCold  . . .     Clarity  .     (armour unavailable)
rNeg   . . .     SustAb   .     (no shield)
rPois  .         Gourm    .     b - +0 hat
rElec  .         Spirit   .     o - +0 cloak
rCorr  .         Warding  .     p - +0 pair of gloves
rMut   .         Stasis   .     (no boots)
MR     .....                    r - amulet of faith
Stlth  +.........               (no ring)
                                (no ring)

@: not resistant to hostile enchantments, very unstealthy
A: unfitting armour, cold-blooded, AC +5
a: no special abilities


You were on level 3 of the Dungeon.
You were hungry.

You visited 1 branch of the dungeon, and saw 3 of its levels.

You collected 105 gold pieces.

Inventory:

Hand weapons
 a - a +0 quarterstaff (weapon)
Missiles
 c - 3 throwing nets (quivered)
Armour
 b - a +0 hat (worn)
 o - a +0 cloak (worn)
 p - a +0 pair of gloves (worn)
Jewellery
 r - an amulet of faith (around neck)
Scrolls
 e - a scroll of enchant armour {unknown}
 g - a scroll of fear {unknown}
 i - 3 scrolls of remove curse {unknown}
 k - a scroll of noise {unknown}
 l - a scroll of teleportation {unknown}
 t - 2 scrolls of identify {unknown}
Potions
 f - a potion of magic {unknown}
 s - a potion of heal wounds {unknown}
Comestibles
 d - 3 bread rations
 h - a beef jerky
 j - 3 fruits
 m - a slice of pizza
 n - a meat ration


   Skills:
 + Level 3.0 Fighting
 * Level 4.2 Staves
 - Level 1.7 Throwing
 + Level 3.3 Dodging


You had 3 spell levels left.
You didn't know any spells.

Dungeon Overview and Level Annotations

Branches:
Dungeon (3/15)

Altars:
Makhleb
Ru

Annotations:
D:3 Grinder


Innate Abilities, Weirdness & Mutations

Your plain brown scales are hard (AC +5).
Your body does not fit into most forms of armour.
You are cold-blooded and may be slowed by cold attacks.


Message History

You suddenly lose the ability to move!
Grinder grins, showing sharp teeth.
Grinder gestures at you. Pain shoots through your body!
* * * LOW HITPOINT WARNING * * *
Grinder hits you.
* * * LOW HITPOINT WARNING * * *
You writhe in agony.
* * * LOW HITPOINT WARNING * * *
You can move again.
Unknown command.
Unknown command.
Drink which item? (? for menu, Esc to quit)
It was a potion of degeneration.
There was something very wrong with that liquid.
You feel weakened. The phantom hits you.
* * * LOW HITPOINT WARNING * * *
Grinder hits you.
You die...

..# . #.######. ###...
.... . ##....# #..o
##. #.....###o# ...
#.........## #..
#....o......
#.<.########..##......
#...W@5rKo...###......
##.#########..........
####..##.## #.....#
##....## #...#.#
##..##.## #..###...#
#.## #..# ###..


You could see Grinder, a phantom, an orc, a quokka and a kobold.

Vanquished Creatures
  An orc wizard (D:3)
  2 adders (D:2)
  A gnoll (D:1)
  2 giant geckos (D:2)
  A giant cockroach (D:3)
  A goblin (D:2)
  5 hobgoblins (D:2)
  7 jackals (D:3)
  A quokka (D:2)
  3 bats (D:1)
  A giant newt (D:3)
  3 kobolds
  A rat (D:1)
29 creatures vanquished.

Notes
Turn   | Place    | Note
--------------------------------------------------------------
     0 | D:1      | namelastname112, the Draconian Gladiator, began the quest for the Orb.
     0 | D:1      | Reached XP level 1. HP: 17/17 MP: 1/1
   423 | D:1      | Reached XP level 2. HP: 15/25 MP: 2/2
   872 | D:2      | Reached XP level 3. HP: 16/30 MP: 3/3
  1090 | D:2      | Found a burning altar of Makhleb.
  1090 | D:2      | Found a sacrificial altar of Ru.
  1489 | D:3      | Reached skill level 4 in Staves
  1668 | D:3      | Reached XP level 4. HP: 36/38 MP: 4/4
  1720 | D:3      | Noticed a phantom
  1738 | D:3      | Noticed Grinder
  1767 | D:3      | Paralysed by Grinder for 3 turns
  1770 | D:3      | HP: 1/38 [phantom (4)]
  1770 | D:3      | Slain by Grinder

Action                   |  1- 3 |  4- 6 || total
-------------------------+-------+-------++-------
Melee: Quarterstaff      |    93 |     9 ||   102
  Use: Potion            |     1 |     1 ||     2
  Eat: Chunk             |     2 |       ||     2
